 Dungeon Crawl Stone Soup version 0.23.2-33-g5129a83184 (webtiles) character file.

Game seed: 4921650394758806011

157 lepoulpe303 the Sneak (level 5, 0/24 HPs)
             Began as a Spriggan Enchanter on June 25, 2019.
             Slain by an orc
             ... wielding a +0 falchion
              (4 damage)
             ... on level 3 of the Dungeon on June 26, 2019.
             The game lasted 00:12:06 (3569 turns).

lepoulpe303 the Sneak (Spriggan Enchanter)          Turns: 3569, Time: 00:12:07

Health: 0/24       AC:  2    Str:  4    XL:     5   Next: 15%
Magic:  0/10       EV: 18    Int: 18    God:
Gold:   66         SH:  0    Dex: 16    Spells: 3/9 levels left

rFire    . . .     SeeInvis +   a - +1 dagger
rCold    . . .     Gourm    .   (shield restricted)
rNeg     . . .     Faith    .   b - +0 robe
rPois    .         Spirit   .   (helmet restricted)
rElec    .         Reflect  .   (no cloak)
rCorr    .         Harm     .   (gloves unavailable)
MR       .....                  (boots unavailable)
Stlth    ++++......             (no amulet)
HPRegen  0.08/turn              (no ring)
MPRegen  0.12/turn              (no ring)

@: very slightly contaminated, very quick
A: very small, unfitting armour, see invisible, herbivore, speed 3, slow
metabolism 2
a: no special abilities


You were on level 3 of the Dungeon.
You were hungry.

You visited 1 branch of the dungeon, and saw 3 of its levels.

You collected 66 gold pieces.

Inventory:

Hand Weapons
 a - a +1 dagger (weapon)
Missiles
 d - 19 poisoned needles
 k - 4 tomahawks
 Q - 113 stones (quivered)
Armour
 b - a +0 robe (worn)
Scrolls
 c - 3 scrolls of identify {unknown}
 f - 4 scrolls of remove curse {unknown}
 i - a scroll of noise {unknown}
 l - 2 scrolls of immolation {unknown}
 m - 3 scrolls of amnesia {unknown}
Potions
 g - 2 potions of curing {unknown}
 h - a potion of heal wounds {unknown}
 j - a potion of degeneration {unknown}
Comestibles
 e - 3 rations


   Skills:
 * Level 4.0 Short Blades
 - Level 3.0 Dodging
 * Level 7.1 Stealth
 - Level 2.6 Spellcasting
 - Level 3.6 Hexes


You had 3 spell levels left.
You knew the following spells:

 Your Spells              Type           Power        Failure   Level  Hunger
a - Ensorcelled Hibernat  Hex/Ice        #.....       12%         2    ##.....
c - Confuse               Hex            ###.....     12%         3    ###....
v - Corona                Hex            ###....      3%          1    #......

Your spell library contained the following spells:

 Spells                   Type           Power        Failure   Level  Hunger
 Tukima's Dance           Hex            ###.....     12%         3    ###....
 Dazzling Spray           Conj/Hex       #.....       24%         3    ###....


Dungeon Overview and Level Annotations

Branches:
Dungeon (3/15)

Altars:
Makhleb
Sif Muna
Yredelemnul
Zin
The Shining One


Innate Abilities, Weirdness & Mutations

You are very small and have problems with some larger weapons.
You are too small for most types of armour.
You have supernaturally acute eyesight. (SInv)
You are a herbivore.
You cover ground extremely quickly.
You need to consume almost no food.


Message History

The bat hits you but does no damage.
You now have 2/10 mp.
Aim: an orc, wielding a +0 falchion (chance to defeat MR: 57%)
You miscast Ensorcelled Hibernation.
Frost spreads across the the floor.
* * * LOW MAGIC WARNING * * *
You are feeling hungry.
The bat hits you.
* * * LOW HITPOINT WARNING * * *
The orc barely misses you.
You take 1 damage, and have 5/24 hp.
You now have 0/10 mp.
The frilled lizard hisses angrily.
You barely miss the bat. The bat closely misses you.
You hit the orc. The bat misses you. The bat barely misses you.
The orc hits you with a +0 falchion.
* * * LOW HITPOINT WARNING * * *
You take 2 damage, and have 4/24 hp.
You hit the orc. The bat barely misses you.
The orc hits you with a +0 falchion.
You die...

........... #.#... ....
##.##..##..##
##...#.......##.###.#.#
##..(................%.#
##.....#.##.#o###.## ...##.
#.........#.#o# #.###......
#.........#.#l###.#.......%
#....<....#.#b@o........###
###....#.##.#####..........
#......##o# #..##
#....####.#######..#
#...### #.o..oo....#
#.....# ##########.#
#...#.############.#
#......##.......††.#
#.......#.##########


You could see 3 orcs, a bat and a frilled lizard.

Levels and vault maps discovered:
D:1:      psy_arrival_radial02, layout_basic, roderic_lattice_a,
          palyth_stone_intersect
D:2:      layout_basic, makhleb_grotto_becter,
          chequers_temple_overflow_statue_of_worship,
          lemuel_coloured_pillars_altar, chequers_ecumenical_altar_island,
          minmay_3d_cube
D:3:      layout_loops_ring, st_stairs_5

Notes
Turn   | Place    | Note
-------+----------+-------------------------------------------
     0 | D:1      | lepoulpe303 the Spriggan Enchanter began the quest for the
                  | Orb.
     0 | D:1      | Reached XP level 1. HP: 9/9 MP: 5/5
   290 | D:1      | Reached XP level 2. HP: 9/13 MP: 6/6
   297 | D:1      | Learned a level 2 spell: Ensorcelled Hibernation
   398 | D:1      | Reached skill level 5 in Stealth
   449 | D:1      | Reached skill level 2 in Short Blades
   684 | D:1      | Identified a +0 whip
   835 | D:1      | Identified a +0 club
  1022 | D:1      | Identified a +0 club
  1044 | D:1      | Identified a +0 club
  1530 | D:2      | Reached XP level 3. HP: 16/16 MP: 2/8
  1535 | D:2      | Learned a level 3 spell: Confuse
  1690 | D:2      | HP: 2/16 [worm (10)]
  1693 | D:2      | Reached skill level 6 in Stealth
  1965 | D:2      | Identified a +0 club
  1966 | D:2      | Identified a +0 club
  2008 | D:2      | Identified a +0 whip
  2017 | D:2      | Identified a +0 club
  2030 | D:2      | Identified a +0 club
  2031 | D:2      | Reached skill level 3 in Short Blades
  2144 | D:2      | Identified a +0 club
  2150 | D:2      | Reached XP level 4. HP: 21/21 MP: 9/9
  2416 | D:2      | Identified a +0 dagger
  2461 | D:2      | Identified a +0 club
  2627 | D:2      | Found a glowing golden altar of the Shining One.
  2627 | D:2      | Found a deep blue altar of Sif Muna.
  2629 | D:2      | Found a glowing silver altar of Zin.
  2670 | D:2      | Found a faded altar of an unknown god.
  2735 | D:2      | Identified a +0 dagger
  2768 | D:2      | Identified a cursed +0 mace
  2768 | D:2      | Identified a +0 ring mail
  2793 | D:2      | HP: 5/21 [goblin/cursed +0 mace (7)]
  3038 | D:2      | Identified a +0 dagger
  3106 | D:2      | Found a basalt altar of Yredelemnul.
  3170 | D:2      | Found a burning altar of Makhleb.
  3245 | D:2      | Reached skill level 7 in Stealth
  3245 | D:2      | Reached XP level 5. HP: 22/24 MP: 5/10
  3402 | D:2      | Upgraded the game from 0.23.2-30-g0e89c35649 to
                  | 0.23.2-33-g5129a83184
  3465 | D:3      | Identified a +0 falchion
  3467 | D:3      | Identified a +0 mace
  3521 | D:3      | Identified a +0 trident
  3539 | D:3      | Reached skill level 4 in Short Blades
  3542 | D:3      | HP: 5/24 [orc/+0 mace (8)]
  3565 | D:3      | HP: 5/24 [bat (1)]
  3569 | D:3      | Slain by an orc

Table legend:
 A = Turns spent in this place as a percentage of turns spent in the entire game.
 B = Non-inter-level travel turns spent in this place as a percentage of non-inter-level travel turns spent in the entire game.
 C = Inter-level travel turns spent in this place as a percentage of turns spent in this place.
 D = Turns resting spent in this place as a percentage of non-inter-level travel turns spent in this place.
 E = Turns spent auto-exploring this place as a percentage of non-inter-level travel turns spent in this place.
 F = Non-inter-level travel turns spent in this place divided by the number of levels of this place that you've seen.
                   A       B       C       D       E      F
               +-------+-------+-------+-------+-------+----------------------
         Total | 100.0 | 100.0 |   2.2 |  37.3 |  39.1 | 1164.0
       Dungeon | 100.0 | 100.0 |   2.2 |  37.3 |  39.1 | 1164.0
               +-------+-------+-------+-------+-------+----------------------

Table legend:
 A = Kills in this place as a percentage of kills in entire the game.
 B = Kills by you in this place as a percentage of kills by you in the entire game.
 C = Kills by friends in this place as a percentage of kills by friends in the entire game.
 D = Other kills in this place as a percentage of other kills in the entire game.
 E = Experience gained in this place as a percentage of experience gained in the entire game.
 F = Experience gained in this place divided by the number of levels of this place that you have seen.
                   A       B       C       D       E      F
               +-------+-------+-------+-------+-------+----------------------
         Total | 100.0 | 100.0 |   N/A |   N/A | 100.0 |  75.0
       Dungeon | 100.0 | 100.0 |   N/A |   N/A | 100.0 |  75.0
               +-------+-------+-------+-------+-------+----------------------

Skill      XL: |  1  2  3  4  5 |
---------------+----------------+-----
Stealth        | 5 6 7 |  7.1
Short Blades   | 2 3 4 |  4.0
Dodging        | |  3.0
Spellcasting   | |  2.6
Hexes          | |  3.6

Action                   |  1- 3 |  4- 6 || total
-------------------------+-------+-------++-------
Melee: Dagger            |   162 |   186 ||   348
 Cast: Ensorcelled Hiber |     5 |     6 ||    11
       Confuse           |     2 |     5 ||     7
 Stab: Sleeping          |    12 |     5 ||    17
       Confused          |     2 |     4 ||     6
       Distracted        |     1 |       ||     1
  Eat: Ration            |       |     1 ||     1
Armor: Robe              |    15 |    17 ||    32
Dodge: Dodged            |    97 |   146 ||   243

Vanquished Creatures
  A crimson imp (D:2)
  5 adders (D:2)
  A worm (D:2)
  3 dart slugs
  4 leopard geckos
  An orc (D:3)
  A ball python (D:1)
  10 bats
  5 giant cockroaches
  6 goblins
  8 hobgoblins
  5 jackals (D:2)
  4 frilled lizards
  4 kobolds
  5 rats
63 creatures vanquished.
